 Dungeon Crawl Stone Soup version 0.27.1-33-g824d729ab1 (webtiles) character file.

Game seed: 12396291688979708485

101 Cykl0x the Slasher (level 4, -1/27 HPs)
             Began as a Gargoyle Gladiator on Dec 28, 2021.
             Was an Initiate of the Shining One.
             Slain by an orc (5 damage)
             ... on level 2 of the Dungeon.
             The game lasted 00:02:56 (2302 turns).

Cykl0x the Slasher (Gargoyle Gladiator)             Turns: 2302, Time: 00:03:01

Health: -1/27      AC:  7    Str: 18    XL:     4   Next: 75%
Magic:  4/5        EV: 12    Int:  9    God:    the Shining One [......]
Gold:   169        SH:  0    Dex: 11    Spells: 4/5 levels left

rFire    . . .     SeeInvis .   a - +0 long sword
rCold    . . .     Faith    .   (no shield)
rNeg     + . .     Spirit   .   b - +0 leather armour
rPois    ∞         Reflect  .   c - +0 helmet
rElec    +         Harm     .   (no cloak)
rCorr    .         Rampage  .   (no gloves)
Will     .....                  (no boots)
Stlth    +.........             (no amulet)
HPRegen  0.09/turn              (no ring)
MPRegen  0.09/turn              (no ring)

@: brilliant, glowing
A: sickness immunity, AC +3, negative energy resistance 1, electricity
resistance, torment resistance 1, petrification resistance
a: Renounce Religion


You were on level 2 of the Dungeon.
You worshipped the Shining One.
The Shining One was noncommittal.
You visited 1 branch of the dungeon, and saw 3 of its levels.

You collected 169 gold pieces.

Inventory:

Hand Weapons
 a - a +0 long sword (weapon)
Missiles
 d - 3 throwing nets
 e - 7 poisoned darts
 g - 17 stones
Armour
 b - a +0 leather armour (worn)
 c - a +0 helmet (worn)
Scrolls
 f - a scroll of teleportation {unknown}
 i - 2 scrolls of identify {unknown}
 j - a scroll of enchant weapon {unknown}
Potions
 h - a potion of curing {unknown}
 k - a potion of brilliance
 l - a potion of degeneration {unknown}


   Skills:
 + Level 2.5 Fighting
 + Level 3.2 Long Blades
 + Level 2.5 Throwing
 + Level 0.5 Armour
 + Level 2.9 Dodging
 * Level 1.1 Spellcasting
 * Level 1.2 Conjurations
 * Level 0.5 Invocations


You had 4 spell levels left.
You knew the following spells:

 Your Spells              Type           Power      Damage    Failure   Level
a - Magic Dart            Conj           16%        1d3       26%         1

Your spell library contained the following spells:

 Spells                   Type           Power      Damage    Failure   Level
 Call Imp                 Summ           0%         N/A       54%         2
 Mephitic Cloud           Conj/Pois/Air  1%         N/A       73%         3
 Summon Guardian Golem    Hex/Summ       0%         N/A       78%         3
 Orb of Destruction       Conj           2%         9d1       100%        7
 Spellforged Servitor     Conj/Summ      1%         N/A       100%        7


Dungeon Overview and Level Annotations

Branches:
Dungeon (3/15)

Altars:
The Shining One

Shops:
D:1 [


Innate Abilities, Weirdness & Mutations

You are immune to sickness and miasma.
Your stone body is resilient. (AC +3)
You are immune to poison.
You resist negative energy. (rN+)
You are resistant to electric shocks. (rElec)
You are resistant to unholy torment.
You are immune to petrification.


Message History

The orc barely misses you.
You hit the orc.
You kill the orc!
An orc priest comes into view. It is wielding a +0 mace.
The orc priest hits you with a +0 dagger.
You hit the orc priest.
The orc priest is moderately wounded.
The orc hits you but does no damage.
The orc priest hits you with a +0 dagger.
You hit the orc priest.
The orc priest is heavily wounded.
The orc barely misses you. The orc priest hits you with a +0 mace.
The orc priest hits you with a +0 dagger.
The orc barely misses you.
You riposte.
You closely miss the orc.
You hit the orc priest but do no damage.
The orc priest is heavily wounded.
The orc priest closely misses you. The orc hits you with a +0 hand axe.
The orc priest calls down the wrath of Beogh upon you.
You barely resist. The orc barely misses you.
The orc hits you with a +0 hand axe. The orc priest hits you with a +0 mace.
You barely miss the orc priest.
The orc priest is heavily wounded.
The orc priest hits you with a +0 dagger.
The orc barely misses you. The orc hits you but does no damage.
The orc priest calls upon Beogh to heal the orc priest.
The orc priest is healed somewhat.
The orc priest looks braver for a moment.
The orc hits you with a +0 mace. The orc priest hits you with a +0 mace.
* * * LOW HITPOINT WARNING * * *
The orc hits you but does no damage.
The orc priest hits you but does no damage.
You climb upwards.
There is a stone staircase leading down here.
It was a potion of brilliance.
You feel clever all of a sudden. The orc hits you with a +0 mace.
* * * LOW HITPOINT WARNING * * *
The orc priest casts a cantrip, but nothing happens.
The orc hits you with a +0 hand axe.
You die...

#.#.#.###.....##.....#
######............)...._..##
#......#.#.###.....#.......#
###.####.....................#
....# ########..............#
##### #.....#.#.#######
#...........########
#.ooo.#.#...........
##.@o..####.<####### ####.##
#..# #.# #..# ##.# #..# #..#
#..##### #.## #......### #.#
#..#.....# ########.##
#..#.###.# ###..)......#
#....# #..


You could see 2 orc priests and 2 orcs.

Vanquished Creatures
  4 adders (D:2)
  A worm (D:2)
  2 dart slugs
  An orc (D:3)
  4 ball pythons
  5 endoplasms
  A giant cockroach (D:2)
  3 goblins
  5 hobgoblins
  7 jackals
  4 kobolds
  4 quokkas
  3 bats
  5 frilled lizards
  5 rats
54 creatures vanquished.

Vanquished Creatures (others)
  3 fungi (D:2)
  4 toadstools (D:2)
7 creatures vanquished.

Grand Total: 61 creatures vanquished

Notes
Turn   | Place    | Note
-------+----------+-------------------------------------------
     0 | D:1      | Cykl0x the Gargoyle Gladiator began the quest for the Orb.
     0 | D:1      | Reached XP level 1. HP: 12/12 MP: 1/1
    47 | D:1      | Found Qofus's Armour Emporium.
   350 | D:1      | Reached XP level 2. HP: 15/17 MP: 2/2
   817 | D:1      | Reached XP level 3. HP: 22/22 MP: 3/3
  1201 | D:2      | Reached skill level 3 in Long Blades
  1442 | D:2      | Found a glowing golden altar of the Shining One.
  1470 | D:2      | Reached skill level 1 in Conjurations
  1470 | D:2      | Reached XP level 4. HP: 14/27 MP: 5/5
  1470 | D:2      | Became a worshipper of the Shining One
  1653 | D:2      | Reached skill level 1 in Spellcasting
  1679 | D:2      | Found a faded altar of an unknown god.
  1922 | D:2      | Learned a level 1 spell: Magic Dart
  2302 | D:2      | Slain by an orc

Illustrated notes

Levels and vault maps discovered:
D:1:      mrwooster_arrival_arrow, layout_loops_corners, serial_shops, shop,
          st_stairs_14
D:2:      layout_loops_ring, basic_altar, ebering_ecumenical_altar_webs,
          minmay_gold_behind_fungi, kennysheep_generic_room_12
D:3:      layout_basic, mainiacjoe_overflow_catwalk, kiku_gazebo_pond_becter,
          vehumet_statue, hangedman_feature_mirror, uniq_jessica

Skill      XL: |  1  2  3  4 |
---------------+-------------+-----
Throwing       | 2 |  2.5
Long Blades    | 3 |  3.2
Conjurations   | 1 |  1.2
Spellcasting   | 1 |  1.1
Fighting       | |  2.5
Armour         | |  0.5
Dodging        | |  2.9
Invocations    | |  0.5

Action                   |  1- 3 |  4- 6 || total
-------------------------+-------+-------++-------
Melee: Long sword        |    89 |    36 ||   125
Throw: Dart              |    52 |    17 ||    69
 Cast: Magic Dart        |       |    11 ||    11
  Use: Potion            |       |     1 ||     1
Armor: Leather armour    |    52 |    19 ||    71
Dodge: Dodged            |    69 |    21 ||    90
       Rpst.: Long sword |    23 |     8 ||    31
